 Dungeon Crawl Stone Soup version 0.23.2-33-g5129a83184 (webtiles) character file.

Game seed: 2644763213233184258

52 FishyPogo the Charmwright (level 3, -1/28 HPs)
             Began as a Gnoll Wanderer on Aug 2, 2019.
             Slain by a goblin
             ... wielding a +0 hand axe
              (2 damage)
             ... on level 2 of the Dungeon.
             The game lasted 00:15:13 (1911 turns).

FishyPogo the Charmwright (Gnoll Wanderer)          Turns: 1911, Time: 00:15:14

Health: -1/28      AC:  5    Str: 13    XL:     3   Next: 85%
Magic:  4/4        EV: 10    Int: 15    God:
Gold:   26         SH:  0    Dex: 15    Spells: 2/3 levels left

rFire    . . .     SeeInvis .   b - +1 short sword
rCold    . . .     Gourm    .   (no shield)
rNeg     . . .     Faith    .   k - +0 ring mail
rPois    .         Spirit   .   (no helmet)
rElec    .         Reflect  .   (no cloak)
rCorr    .         Harm     .   (no gloves)
MR       .....                  (no boots)
Stlth    +.........             (no amulet)
HPRegen  0.09/turn              (no ring)
MPRegen  0.09/turn              (no ring)

@: lethally poisoned (-1 -> -5)
A: distributed training, fangs 1, strong nose
a: no special abilities


You were on level 2 of the Dungeon.
You were not hungry.

You visited 1 branch of the dungeon, and saw 2 of its levels.

You collected 26 gold pieces.

Inventory:

Hand Weapons
 a - a +0 dagger
 b - a +1 short sword (weapon)
Missiles
 e - 3 javelins
 f - 13 stones (quivered)
 h - 4 tomahawks
Armour
 k - a +0 ring mail (worn)
Comestibles
 d - 2 rations
 g - 2 chunks of flesh


   Skills:
 + Level 2.6 Fighting
 + Level 0.9 Short Blades
 + Level 0.9 Long Blades
 + Level 0.9 Axes
 + Level 0.9 Maces & Flails
 + Level 0.9 Polearms
 + Level 0.9 Staves
 + Level 0.9 Slings
 + Level 0.9 Bows
 + Level 2.6 Crossbows
 + Level 2.6 Throwing
 + Level 2.6 Armour
 + Level 0.9 Dodging
 + Level 2.4 Stealth
 + Level 0.9 Shields
 + Level 0.9 Unarmed Combat
 + Level 0.9 Spellcasting
 + Level 0.6 Conjurations
 + Level 0.6 Hexes
 + Level 5.4 Charms
 + Level 0.6 Summonings
 + Level 3.8 Necromancy
 + Level 0.6 Translocations
 + Level 0.6 Transmutations
 + Level 0.6 Fire Magic
 + Level 0.6 Ice Magic
 + Level 0.6 Air Magic
 + Level 0.6 Earth Magic
 + Level 0.6 Poison Magic
 + Level 1.0 Invocations
 + Level 0.9 Evocations


You had 2 spell levels left.
You knew the following spells:

 Your Spells              Type           Power        Failure   Level  Hunger
a - Animate Skeleton      Necr           N/A          11%         1    ##.....

Your spell library contained the following spells:

 Spells                   Type           Power        Failure   Level  Hunger
 Pain                     Necr           ##..         11%         1    ##.....
 Regeneration             Chrm/Necr      ##........   22%         3    ####...
 Vampiric Draining        Necr           ##........   32%         3    ####...
 Animate Dead             Necr           N/A          71%         4    #####..


Dungeon Overview and Level Annotations

Branches:
Dungeon (2/15)

Altars:


Innate Abilities, Weirdness & Mutations

Your experience applies equally to all skills.
You have very sharp teeth.
Your uncanny sense of smell can sniff out nearby items.


Message History

You feel sick.
You hit the adder but do no damage.
You feel sick. The adder bites you.
* * * LOW HITPOINT WARNING * * *
The adder barely misses you.
* * * LOW HITPOINT WARNING * * *
You feel sick.
* * * LOW HITPOINT WARNING * * *
You feel sick.
You aren't carrying any potions.
As you read the scroll of teleportation, it crumbles to dust.
You feel strangely unstable. The adder bites you.
* * * LOW HITPOINT WARNING * * *
The adder bites you but does no damage.
* * * LOW HITPOINT WARNING * * *
You feel sick.
Your surroundings suddenly seem different.
A goblin comes into view. It is wielding a +0 hand axe.
The goblin shouts!
The goblin hits you with a +0 hand axe.
You die...

.## ### ###
.. .. .. ..
.. #. ..
#..#######
..
#....@...#
.
#.....g..#
##
#........#
#.
##.......#
#.
#>......'>
#.
#.......###
#.
#.......#
#.
#.......#
#. #.


You could see a goblin.

Vanquished Creatures
  3 gnolls
  A dart slug (D:2)
  A bat (D:1)
  A giant cockroach (D:2)
  2 goblins (D:1)
  2 hobgoblins
  3 jackals (D:2)
  4 kobolds
  A ball python (D:1)
  2 rats (D:1)
20 creatures vanquished.

Notes
Turn   | Place    | Note
-------+----------+-------------------------------------------
     0 | D:1      | FishyPogo the Gnoll Wanderer began the quest for the Orb.
     0 | D:1      | FishyPogo set off with the following items: a +0 dagger, a
                  | +0 robe, a ration; and the following spells available to
                  | memorise: Animate Skeleton, Pain, Regeneration, Vampiric
                  | Draining, Animate Dead
     0 | D:1      | Reached XP level 1. HP: 17/17 MP: 1/1
   971 | D:1      | Reached XP level 2. HP: 23/23 MP: 2/2
   974 | D:1      | Learned a level 1 spell: Animate Skeleton
  1422 | D:2      | Reached XP level 3. HP: 21/28 MP: 3/3
  1586 | D:1      | Reached skill level 1 in Invocations
  1909 | D:2      | HP: 1/28 [poisoned by an adder]
  1911 | D:2      | Slain by a goblin

Skill      XL: |  1  2  3 |
---------------+----------+-----
Invocations    | 1 |  1.0
Fighting       | |  2.6
Short Blades   | |  0.9
Long Blades    | |  0.9
Axes           | |  0.9
Maces & Flails | |  0.9
Polearms       | |  0.9
Staves         | |  0.9
Slings         | |  0.9
Bows           | |  0.9
Crossbows      | |  2.6
Throwing       | |  2.6
Armour         | |  2.6
Dodging        | |  0.9
Stealth        | |  2.4
Shields        | |  0.9
Unarmed Combat | |  0.9
Spellcasting   | |  0.9
Conjurations   | |  0.6
Hexes          | |  0.6
Charms         | |  5.4
Summonings     | |  0.6
Necromancy     | |  3.8
Translocations | |  0.6
Transmutations | |  0.6
Fire Magic     | |  0.6
Ice Magic      | |  0.6
Air Magic      | |  0.6
Earth Magic    | |  0.6
Poison Magic   | |  0.6
Evocations     | |  0.9

Action                   || total
-------------------------++-------
Melee: Short sword       ||    77
       Dagger            ||    13
       Bite              ||     4
Throw: Stone             ||    17
 Cast: Animate Skeleton  ||     3
  Use: Scroll            ||     4
       Potion            ||     1
  Eat: Chunk             ||     3
Armor: Robe              ||     7
       Ring mail         ||    13
Dodge: Dodged            ||    49
